[Event "Titled Tuesday Blitz February 21 Early 2023"]
[White "Chakravarthi Reddy, M"]
[Black "Belozerov, Andrei"]
[WhiteFideId "25009532"]
[BlackFideId "4120213"]
[WhiteElo "2279"]
[BlackElo "2461"]
[Result "0-1"]
[Round "04"]
[TimeControl "180+2"]
[Date "2023.02.21"]
[WhiteClock "0:00:02"]
[BlackClock "0:00:10"]

1. c4 e6 2. Nc3 d5 3. d4 c6 4. Nf3 Nf6 5. Qc2 dxc4 6. a4 Bb4 7. e4 b5 8. Bd2 Bb7 9. e5 Nd5 10. Be2 Nxc3 11. bxc3 Be7 12. h4 h6 13. Rh3 Nd7 14. Rg3 Bf8 15. Rb1 a6 16. Bxc4 Nb6 17. Bb3 Rc8 18. a5 Nd5 19. Kf1 c5 20. Kg1 c4 21. Ba2 Qxa5 22. Ra1 Qc7 23. Nh2 Ne7 24. Bb1 Nf5 25. Rh3 Qc6 26. Nf3 Be7 27. Qc1 Qd5 28. Bxf5 exf5 29. Bf4 Qe6 30. h5 Bd5 31. Rg3 Bf8 32. Qb1 Rc6 33. Nh4 Be4 34. Qa2 Be7 35. Nf3 g5 36. hxg6 fxg6 37. Qa5 g5 38. Bd2 f4 39. Rh3 g4 40. Ng5 Bxg5 41. Rh1 g3 42. fxg3 Qg4 43. Bxf4 Bxf4 44. Rf1 Be3+ 45. Kh2 Qh5# 0-1


[Site "https://www.chess.com"]

[Event "Titled Tuesday Blitz February 21 Early 2023"]
[White "Cunha, Lucas Aguiar"]
[Black "Averjanov, Alexey"]
[WhiteFideId "2125404"]
[BlackFideId "14109867"]
[WhiteElo "2309"]
[BlackElo "2399"]
[Result "1-0"]
[Round "04"]
[TimeControl "180+2"]
[Date "2023.02.21"]
[WhiteClock "0:00:08"]
[BlackClock "0:00:07"]

1. e4 c6 2. d4 d5 3. e5 Bf5 4. Nf3 e6 5. Be2 Nd7 6. O-O a5 7. a4 h6 8. Nbd2 Qc7 9. c4 dxc4 10. Nxc4 Nb6 11. Bd2 Nxc4 12. Bxc4 Ne7 13. Re1 Qd7 14. h3 Nd5 15. Qb3 Be7 16. Nh2 O-O 17. Nf1 Rfd8 18. Ng3 Bg6 19. Rad1 Nb4 20. Bxb4 Bxb4 21. Rf1 b5 22. Be2 Qa7 23. Bf3 Rac8 24. Ne2 Rd7 25. Rc1 Rdc7 26. Rfd1 Qb6 27. g3 bxa4 28. Qxa4 c5 29. d5 exd5 30. Bxd5 c4 31. Nf4 Bf5 32. Kg2 Kh7 33. g4 Bd7 34. Qc2+ Kg8 35. Qe4 Bc6 36. e6 Bxd5 37. Nxd5 Qc6 38. e7 Bxe7 39. Rxc4 Qe8 40. Rxc7 Rxc7 41. Nxc7 Qf8 42. Nd5 Bd6 43. Ne3 g6 44. Nc4 Bb4 45. Rd7 Qc8 46. Qd5 Qe8 47. Ne5 Qe6 48. Qxe6 fxe6 49. Nc6 Bc5 50. Kf3 Kf8 51. b3 Ke8 52. Rh7 h5 53. gxh5 gxh5 54. Rxh5 Kd7 55. Rxc5 Kd6 56. Rc4 1-0


[Site "https://www.chess.com"]

[Event "Titled Tuesday Blitz February 21 Early 2023"]
[White "Skliarov, Viktor"]
[Black "Aarav Dengla"]
[WhiteFideId "14106736"]
[BlackFideId "45059756"]
[WhiteElo "2383"]
[BlackElo "2343"]
[Result "1-0"]
[Round "04"]
[TimeControl "180+2"]
[Date "2023.02.21"]
[WhiteClock "0:00:04"]
[BlackClock "0:00:02"]

1. e4 c5 2. Nf3 d6 3. d4 cxd4 4. Qxd4 Nc6 5. Bb5 Bd7 6. Bxc6 Bxc6 7. Nc3 Nf6 8. Bg5 e6 9. O-O-O Be7 10. Rhe1 h6 11. Bh4 O-O 12. Kb1 Qa5 13. Qd2 Kh8 14. g4 b5 15. g5 hxg5 16. Qxg5 Rae8 17. Rg1 Rg8 18. Nd4 Nh7 19. Qh5 g6 20. Qh6 Qb6 21. Rd3 g5 22. Nxc6 Qxc6 23. Bg3 Rg6 24. Qh5 Kg7 25. f3 b4 26. Nd1 Qc5 27. Rf1 Rh6 28. Qg4 f5 29. exf5 exf5 30. Qd4+ Qxd4 31. Rxd4 f4 32. Be1 Rxh2 33. Bxb4 Bf6 34. Rxd6 Nf8 35. Rc6 Ne6 36. a4 Nd4 37. Rc7+ Kg6 38. a5 a6 39. Nf2 Nxf3 40. Ng4 Nd2+ 41. Bxd2 Rxd2 42. Rc6 Rf8 43. Rxa6 Kf5 44. Nxf6 Rxf6 45. Rxf6+ Kxf6 46. b4 Kf5 47. a6 g4 48. b5 g3 49. a7 g2 50. Rc1 Rd8 51. b6 f3 52. b7 f2 53. b8=Q Rxb8+ 54. axb8=Q g1=Q 55. Qf8+ Ke4 56. Qe7+ Kf3 57. Qf6+ Ke3 58. Qe5+ Kf3 59. Qd5+ Kf4 60. Qd4+ Kf3 61. Rxg1 1-0


[Site "https://www.chess.com"]

[Event "Titled Tuesday Blitz February 21 Early 2023"]
[White "Budisavljevic, Luka"]
[Black "Grunberg, Mihai-Lucian"]
[WhiteFideId "960047"]
[BlackFideId "1204149"]
[WhiteElo "2488"]
[BlackElo "2401"]
[Result "1-0"]
[Round "04"]
[TimeControl "180+2"]
[Date "2023.02.21"]
[WhiteClock "0:01:49"]
[BlackClock "0:01:59"]

1. d4 f5 2. Nc3 d5 3. Bg5 Nf6 4. Bxf6 exf6 5. e3 c6 6. Bd3 Be6 7. Qf3 g6 8. Nge2 Bg7 9. h4 h5 10. Qg3 Kf7 11. Nf4 Rh6 12. Be2 Qh8 13. Nxe6 Kxe6 14. Qc7 Nd7 15. Qxb7 Qc8 16. Ba6 Qxb7 17. Bxb7 Rb8 18. Bxc6 Rxb2 19. Bxd5+ Kd6 20. Bb3 Nb6 21. Nd1 1-0


[Site "https://www.chess.com"]

[Event "Titled Tuesday Blitz February 21 Early 2023"]
[White "Sharapov, Evgeny"]
[Black "Gatterer, Florian"]
[WhiteFideId "14103133"]
[BlackFideId "811688"]
[WhiteElo "2375"]
[BlackElo "2170"]
[Result "1-0"]
[Round "04"]
[TimeControl "180+2"]
[Date "2023.02.21"]
[WhiteClock "0:00:15"]
[BlackClock "0:00:19"]

1. e4 c5 2. Nf3 e6 3. d4 cxd4 4. Nxd4 Nf6 5. Nc3 Nc6 6. Ndb5 Bc5 7. Nd6+ Ke7 8. Nxc8+ Rxc8 9. Bd3 Re8 10. O-O Kf8 11. Kh1 d5 12. exd5 exd5 13. Bg5 Kg8 14. Qf3 Ne5 15. Bxf6 Nxf3 16. Bxd8 Nd2 17. Bh4 Nxf1 18. Rxf1 Bd4 19. Nxd5 f6 20. c3 Be5 21. Bc2 Kf7 22. Bb3 Kg6 23. Bg3 Bxg3 24. fxg3 h5 25. Kg1 Kh6 26. Kf2 Rcd8 27. Re1 Rxe1 28. Kxe1 Kg5 29. Ke2 Kf5 30. Ne3+ Ke5 31. Bc2 b5 32. Bg6 Rh8 33. Bd3 a6 34. a3 h4 35. gxh4 Rxh4 36. h3 Rh8 37. c4 bxc4 38. Bxc4 Kd4 39. Bf7 Rf8 40. Bg6 Rb8 41. b4 Ke5 42. Kf3 Rc8 43. a4 Rc3 44. Ke2 Rb3 45. Nc2 Rg3 46. Bd3 Rxg2+ 47. Ke3 Rg3+ 48. Kd2 Rxh3 49. Bxa6 g5 50. b5 Rh8 51. b6 Kd6 52. Be2 f5 53. a5 Kc6 54. Bf3+ Kc5 55. b7 Kb5 56. Nd4+ Kxa5 57. Nc6+ Kb6 58. b8=Q+ Rxb8 59. Nxb8 g4 60. Bd5 Kc5 61. Be6 Kd6 62. Bxf5 g3 63. Bh3 g2 64. Bxg2 Kc7 65. Nc6 Kd6 66. Kd3 Ke6 67. Kd4 Kf7 68. Ke5 Kg6 69. Be4+ Kg5 70. Bf5 Kh6 71. Kf6 Kh5 72. Ne5 Kh6 73. Nf7+ Kh5 74. Ke5 Kh4 75. Kf4 Kh5 76. Be4 Kh4 77. Bg6 Kh3 78. Ne5 Kh4 79. Nf3+ Kh3 80. Bf5+ Kg2 81. Bg4 Kf2 82. Ne5 Ke1 83. Ke3 Kf1 84. Nd3 Kg2 85. Kf4 Kf1 86. Kf3 Kg1 87. Kg3 Kf1 88. Bf3 Kg1 89. Be2 Kh1 90. Nf4 Kg1 91. Nh3+ Kh1 92. Bf3# 1-0


[Site "https://www.chess.com"]

[Event "Titled Tuesday Blitz February 21 Early 2023"]
[White "Yurovskykh, Oleksandr"]
[Black "Bon, Michael"]
[WhiteFideId "14134020"]
[BlackFideId "620696"]
[WhiteElo "2328"]
[BlackElo "2394"]
[Result "1/2-1/2"]
[Round "04"]
[TimeControl "180+2"]
[Date "2023.02.21"]
[WhiteClock "0:00:08"]
[BlackClock "0:00:03"]

1. d4 d5 2. Bf4 c5 3. e3 Nc6 4. c3 Nf6 5. Nd2 Bf5 6. Ngf3 e6 7. Qb3 Qb6 8. Qxb6 axb6 9. Bb5 Nd7 10. Ne5 Ndxe5 11. Bxe5 O-O-O 12. Bg3 h5 13. h4 Bg6 14. f3 Ne7 15. a4 Nf5 16. Bf2 Bd6 17. Rh3 e5 18. dxe5 Bxe5 19. O-O-O Nd6 20. Be2 Kc7 21. Bg3 Bxg3 22. Rxg3 Rhe8 23. Nf1 Nf5 24. Rg5 Nxe3 25. Nxe3 Rxe3 26. Bb5 d4 27. cxd4 cxd4 28. Bc4 Kb8 29. Kd2 Rc8 30. b3 Rce8 31. Rh1 d3 32. Rxg6 fxg6 33. Bxd3 R3e6 34. Bc4 Rd8+ 35. Kc2 Re3 36. Rh3 Rd6 37. Rg3 Kc7 38. Rg5 Kd7 39. a5 bxa5 40. Rxa5 Kc6 41. Rg5 b6 42. Rg3 Kd7 43. Rg5 Ke7 44. Rg3 Kf6 45. Rg5 Re5 46. Rg3 b5 47. Bd3 Rc5+ 48. Kd2 Rcd5 49. Rxg6+ Kf7 50. Rxd6 Rxd6 51. b4 Rd5 52. Kc3 Kf6 53. g4 hxg4 54. fxg4 Ke5 55. Bf5 Rd4 56. h5 Rc4+ 57. Kb3 Kd4 58. Bd7 Rc3+ 59. Kb2 Kc4 60. g5 Rg3 61. h6 Rxg5 62. h7 Rh5 63. Bf5 Rh6 64. Kc2 Kxb4 65. Kd3 g5 66. Ke4 Ka3 67. Kf3 b4 68. Kg4 Rh1 69. Kxg5 b3 70. Kf6 b2 71. Kg7 Ka2 72. h8=Q Rxh8 73. Kxh8 b1=Q 74. Bxb1+ 1/2-1/2


[Site "https://www.chess.com"]

[Event "Titled Tuesday Blitz February 21 Early 2023"]
[White "Malyi, Viacheslav"]
[Black "Shubenkova, Veronika"]
[WhiteFideId "14123983"]
[BlackFideId "44124040"]
[WhiteElo "2391"]
[BlackElo "1960"]
[Result "1-0"]
[Round "04"]
[TimeControl "180+2"]
[Date "2023.02.21"]
[WhiteClock "0:00:21"]
[BlackClock "0:00:35"]

1. e4 e6 2. Nf3 d5 3. e5 c5 4. b4 c4 5. c3 Ne7 6. a4 Ng6 7. d4 Be7 8. g3 Nc6 9. h4 a6 10. h5 Nf8 11. Bh3 Bd7 12. O-O b5 13. a5 Qc7 14. h6 gxh6 15. Bxh6 Ng6 16. Na3 O-O-O 17. Nc2 Rhg8 18. Kh2 f6 19. Bf4 Nxf4 20. gxf4 Rdf8 21. Qe2 fxe5 22. fxe5 Qd8 23. Rg1 Qe8 24. Rxg8 Rxg8 25. Rg1 Rxg1 26. Kxg1 Qg6+ 27. Kh2 Nd8 28. Ne3 Nf7 29. Qf1 Ng5 30. Qg2 h6 31. Qg4 Nxf3+ 32. Qxf3 Kc7 33. Qg4 Qe8 34. f4 h5 35. Qg7 Qf8 36. Qxf8 Bxf8 37. Kg3 Bh6 38. Kf3 Bc8 39. f5 Bxe3 40. Kxe3 exf5 41. Kf4 h4 42. Kg5 Kd8 43. Kxh4 Ke7 44. Kg5 Be6 45. Bxf5 1-0


[Site "https://www.chess.com"]

[Event "Titled Tuesday Blitz February 21 Early 2023"]
[White "Lerch, Philipp"]
[Black "Lymar, Vladislav"]
[WhiteFideId "4654129"]
[BlackFideId "14162180"]
[WhiteElo "2305"]
[BlackElo "2119"]
[Result "0-1"]
[Round "04"]
[TimeControl "180+2"]
[Date "2023.02.21"]
[WhiteClock "0:00:36"]
[BlackClock "0:01:12"]

1. b3 e5 2. Bb2 Nc6 3. e3 d5 4. Bb5 Ne7 5. Bxe5 a6 6. Bxc6+ Nxc6 7. Bb2 Qg5 8. g3 Bg4 9. f3 Be6 10. Nc3 h5 11. Qe2 h4 12. g4 O-O-O 13. O-O-O Bc5 14. Nh3 Qe7 15. d4 Bd6 16. f4 g6 17. Ng5 Bb4 18. Nxe6 Qxe6 19. Qf3 Ne7 20. e4 Bxc3 21. exd5 Bxb2+ 22. Kxb2 Qxd5 23. Qe3 Nc6 24. c4 Qg2+ 25. Ka3 Rhe8 26. Qd3 Rxd4 0-1


[Site "https://www.chess.com"]

[Event "Titled Tuesday Blitz February 21 Early 2023"]
[White "Migot, Tangi"]
[Black "Can, Melih Kaan"]
[WhiteFideId "662445"]
[BlackFideId "6317383"]
[WhiteElo "2373"]
[BlackElo "2069"]
[Result "1-0"]
[Round "04"]
[TimeControl "180+2"]
[Date "2023.02.21"]
[WhiteClock "0:00:13"]
[BlackClock "0:00:02"]

1. Nf3 Nf6 2. e3 d5 3. c4 e6 4. b3 Be7 5. Bb2 O-O 6. Be2 c5 7. O-O b6 8. cxd5 Nxd5 9. d4 cxd4 10. Bxd4 Nc6 11. Bb2 Bb7 12. Nc3 Bf6 13. Rc1 Rc8 14. Ba1 Nxc3 15. Bxc3 Bxc3 16. Rxc3 Qf6 17. Qa1 Nb4 18. Rxc8 Rxc8 19. Bc4 Qg6 20. Kh1 h5 21. a3 Nd5 22. Qe5 Nf6 23. h3 Qe4 24. Rd1 Qxe5 25. Nxe5 Kf8 26. Kh2 Ke7 27. f3 Bd5 28. Kg3 Bxc4 29. Nxc4 Rd8 30. Rxd8 Kxd8 31. Ne5 Ke7 32. Nc6+ Kd6 33. Nxa7 Nd5 34. e4 Nc3 35. Kh4 Ne2 36. Nb5+ Kc5 37. Nc7 Nd4 38. b4+ Kc4 39. Na8 b5 40. Nb6+ Kb3 41. Nd7 Kxa3 42. Ne5 f6 43. Nd3 Kb3 44. Kxh5 Kc3 45. Nc5 Kxb4 46. Na6+ Kc4 47. Kg6 b4 48. Nxb4 Kxb4 49. Kxg7 f5 50. h4 fxe4 51. fxe4 Ne2 52. h5 Nf4 53. h6 Nh5+ 54. Kg6 Nf4+ 55. Kg5 1-0


[Site "https://www.chess.com"]

[Event "Titled Tuesday Blitz February 21 Early 2023"]
[White "Jimenez, Joaquin"]
[Black "Dixit, Nikhil"]
[WhiteFideId "109860"]
[BlackFideId "5059534"]
[WhiteElo "2195"]
[BlackElo "2257"]
[Result "1/2-1/2"]
[Round "04"]
[TimeControl "180+2"]
[Date "2023.02.21"]
[WhiteClock "0:01:17"]
[BlackClock "0:01:03"]

1. Nf3 Nf6 2. g3 g6 3. Bg2 Bg7 4. O-O O-O 5. b3 d6 6. Bb2 e5 7. c4 c5 8. e3 Nc6 9. d4 exd4 10. exd4 Bg4 11. h3 Bxf3 12. Bxf3 Nxd4 13. Bxd4 cxd4 14. Bxb7 Rb8 15. Bg2 Nd7 16. Nd2 Nc5 17. Nf3 d3 18. Rc1 a5 19. Ne1 a4 20. Nxd3 axb3 21. axb3 Nxb3 22. Rb1 Nc5 23. Nxc5 dxc5 24. Bd5 Bd4 25. Rxb8 Qxb8 26. Qf3 Qe5 27. Kg2 Kg7 28. Rb1 Qf6 29. Rb7 Qxf3+ 30. Kxf3 h5 31. g4 hxg4+ 32. hxg4 Kh6 33. Rxf7 Rxf7+ 34. Bxf7 g5 35. Kg3 Be5+ 36. Kf3 Kg7 37. Bd5 Kf6 38. Ke4 Bd4 39. f4 gxf4 40. Kxf4 Kg7 41. Kf5 Ba1 42. g5 Bb2 43. g6 Bc1 44. Bf7 Bb2 45. Bd5 Bd4 46. Bf7 Bg1 47. Bd5 Bf2 48. Bf7 Be1 49. Bd5 Ba5 50. Bf7 Bd8 51. Bd5 Bh4 52. Bf7 Bf6 53. Ke6 Bd4 54. Ke7 Be3 55. Kd7 Kf8 56. Ke6 Bf2 57. Kf6 Bd4+ 58. Kf5 Bc3 59. Ke6 Bb2 60. Kd6 Bd4 61. Kc6 Kg7 62. Kd5 Bg1 63. Kd6 Bf2 64. Kd5 Be3 65. Kd6 Bd4 66. Kc7 Bf6 67. Kd7 Bh4 68. Ke6 Bf2 69. Kf5 Bg1 70. Ke4 Bf2 71. Kf5 1/2-1/2


[Site "https://www.chess.com"]

[Event "Titled Tuesday Blitz February 21 Early 2023"]
[White "Gamage, Wanshini Vidusama"]
[Black "Karttunen, Mika"]
[WhiteFideId "9953752"]
[BlackFideId "502081"]
[WhiteElo "1089"]
[BlackElo "2490"]
[Result "0-1"]
[Round "04"]
[TimeControl "180+2"]
[Date "2023.02.21"]
[WhiteClock "0:00:10"]
[BlackClock "0:00:32"]

1. e4 e5 2. Nf3 Nc6 3. Bb5 Nf6 4. d3 d6 5. O-O Bd7 6. c3 Be7 7. Re1 O-O 8. d4 a6 9. Ba4 b5 10. Bc2 Bg4 11. d5 Na5 12. h3 Bd7 13. Nbd2 c6 14. dxc6 Bxc6 15. b4 Nc4 16. Nxc4 bxc4 17. Qe2 Rc8 18. Bg5 Bb7 19. Nd2 Qc7 20. Nf1 h6 21. Bxf6 Bxf6 22. Ne3 Bg5 23. Rad1 Bxe3 24. Qxe3 Rfe8 25. Rd2 Re6 26. f4 exf4 27. Qxf4 Rce8 28. Rd4 Qb6 29. Kh2 d5 30. e5 Qc7 31. Qf5 g6 32. Qf4 Rxe5 33. Rxe5 Qxe5 34. Qxe5 Rxe5 35. Kg3 Kg7 36. Kf3 Kf6 37. a4 Ke6 38. Rf4 f5 39. Rd4 h5 40. g3 Re1 41. Rd2 Ra1 42. a5 Ra3 43. Re2+ Kd7 44. Re3 d4+ 0-1


[Site "https://www.chess.com"]

[Event "Titled Tuesday Blitz February 21 Early 2023"]
[White "Ciuffoletti, Paolo"]
[Black "Ordekalog"]
[WhiteFideId "807630"]
[WhiteElo "2106"]
[BlackElo "2560"]
[Result "0-1"]
[Round "04"]
[TimeControl "180+2"]
[Date "2023.02.21"]
[WhiteClock "0:00:02"]
[BlackClock "0:01:16"]

1. e4 d5 2. exd5 Qxd5 3. Nc3 Qa5 4. d4 Nf6 5. Nf3 Bg4 6. Bc4 Nc6 7. Bb5 O-O-O 8. Bxc6 bxc6 9. O-O e5 10. Bd2 exd4 11. Ne2 Qh5 12. Ng3 Qd5 13. Qe2 Bxf3 14. gxf3 Qb5 15. c4 dxc3 16. Qxb5 cxb5 17. Bxc3 Nd5 18. Rac1 Kb7 19. Ne4 Nf4 20. Rc2 Be7 21. Be5 Ne6 22. Rfc1 Rd7 23. Bg3 Rhd8 24. a3 a6 25. Kg2 f5 26. Nc3 f4 0-1


[Site "https://www.chess.com"]

[Event "Titled Tuesday Blitz February 21 Early 2023"]
[White "Mendez Machado, Andre"]
[Black "Bews, Steven"]
[WhiteFideId "6603793"]
[BlackFideId "2400529"]
[WhiteElo "1974"]
[BlackElo "2295"]
[Result "0-1"]
[Round "04"]
[TimeControl "180+2"]
[Date "2023.02.21"]
[WhiteClock "0:00:20"]
[BlackClock "0:00:31"]

1. e4 e5 2. Nf3 Nf6 3. d4 Nxe4 4. Bd3 d5 5. Nxe5 Nd7 6. Nxf7 Qf6 7. Bxe4 Qxf7 8. Bf3 Bd6 9. O-O O-O 10. Nc3 Nf6 11. Bg5 c6 12. Bxf6 Qxf6 13. Ne2 Bf5 14. Ng3 Bg6 15. c3 Qh4 16. Re1 Rae8 17. Rxe8 Rxe8 18. Qb3 Qe7 19. a4 h5 20. h3 h4 21. Nf1 Kh7 22. Ne3 Qf7 23. Nf1 b6 24. a5 b5 25. Qd1 Qf4 26. Qd2 Kh6 27. Qxf4+ Bxf4 28. Rd1 Bh5 29. Bxh5 Kxh5 30. Nh2 Re2 31. Rb1 Rc2 32. Nf3 Rc1+ 33. Rxc1 Bxc1 34. b3 Bb2 35. c4 dxc4 36. bxc4 bxc4 37. Nd2 c3 38. Nb3 c2 39. Kf1 c1=Q+ 40. Nxc1 Bxc1 41. Ke2 Ba3 42. Kd3 a6 43. Ke4 Bb4 44. d5 cxd5+ 45. Kxd5 Bxa5 46. Kc6 Be1 47. Kb6 Bxf2+ 48. Kxa6 Kg5 49. Kb5 Kf4 50. Kc4 Kg3 51. Kd3 Kxg2 52. Ke2 Bg3 53. Ke3 Kxh3 54. Ke2 g5 55. Kf1 g4 56. Kg1 Bf4 57. Kh1 g3 58. Kg1 Be3+ 59. Kh1 g2# 0-1


[Site "https://www.chess.com"]

[Event "Titled Tuesday Blitz February 21 Early 2023"]
[White "Lehtosaari, Mauri"]
[Black "Delorme, Alban"]
[WhiteFideId "501999"]
[BlackFideId "623636"]
[WhiteElo "2176"]
[BlackElo "2298"]
[Result "1-0"]
[Round "04"]
[TimeControl "180+2"]
[Date "2023.02.21"]
[WhiteClock "0:00:08"]
[BlackClock "0:00:03"]

1. d4 Nf6 2. Nf3 g6 3. Bg5 Bg7 4. c3 O-O 5. Nbd2 d6 6. e4 c5 7. dxc5 dxc5 8. Bc4 Nc6 9. O-O Qc7 10. Qe2 Bg4 11. Qe3 b6 12. e5 Bxf3 13. exf6 exf6 14. Bf4 Ne5 15. Bxe5 fxe5 16. Nxf3 Rad8 17. Rad1 h6 18. g3 Kh7 19. Qe2 f5 20. Rxd8 Rxd8 21. Rd1 Re8 22. Nh4 e4 23. Qd2 Rf8 24. Qd7 Qe5 25. Qe6 Qxe6 26. Bxe6 h5 27. f4 Rf6 28. Bc4 Rc6 29. Rd7 a5 30. a4 Kh6 31. Ng2 Bf6 32. Kf2 g5 33. Ke2 h4 34. fxg5+ Bxg5 35. Ne3 Kg6 36. Bf7+ Kf6 37. Bh5 hxg3 38. hxg3 f4 39. gxf4 Bxf4 40. Nd5+ Ke5 41. Nxf4 Kxf4 42. Rf7+ Ke5 43. Rf2 Rh6 44. Be8 Rh1 45. Bb5 Rb1 46. Ke3 Re1+ 47. Kd2 Rh1 48. Kc2 Rh3 49. Re2 e3 50. Kd3 Kf4 51. Bc6 Rg3 52. b3 Rg1 53. Bb5 Rd1+ 54. Kc4 Rd2 55. Re1 Kf3 56. b4 axb4 57. cxb4 cxb4 58. Kxb4 Kf2 59. Rh1 e2 60. Bxe2 Ke3 61. Bb5 Rb2+ 62. Kc3 Ra2 63. Rh6 Ke4 64. Rxb6 Ra1 65. Kb2 Rh1 66. Rc6 Kd4 67. Kb3 Rh3+ 68. Kb4 Rh1 69. Rc4+ Kd5 70. Rc2 Rh4+ 71. Ka5 Rh8 72. Kb6 Rh6+ 73. Kb7 Rh7+ 74. Rc7 Rh3 75. a5 Kd6 76. Rc6+ Kd5 77. a6 Rb3 78. Kb6 Ra3 79. a7 Ra1 80. Rc8 Rg1 81. a8=Q+ Kd4 82. Qc6 Ke3 83. Qc5+ Kf4 84. Qxg1 Ke5 85. Qc5+ Ke6 86. Re8+ Kf7 87. Re7+ 1-0


[Site "https://www.chess.com"]

[Event "Titled Tuesday Blitz February 21 Early 2023"]
[White "Nihal Sarin"]
[Black "Michalski, Olaf"]
[WhiteFideId "25092340"]
[BlackFideId "1106740"]
[WhiteElo "2673"]
[BlackElo "2273"]
[Result "1-0"]
[Round "04"]
[TimeControl "180+2"]
[Date "2023.02.21"]
[WhiteClock "0:02:32"]
[BlackClock "0:00:29"]

1. e4 c5 2. Nf3 a6 3. c3 Nf6 4. e5 Nd5 5. d4 e6 6. c4 Nb6 7. d5 d6 8. Nc3 dxe5 9. Nxe5 N8d7 10. Nxd7 Bxd7 11. Bd3 exd5 12. cxd5 Bd6 13. O-O O-O 14. Ne4 Bb5 15. Ng5 g6 16. Ne4 Nxd5 17. Bxb5 axb5 18. Qxd5 Bxh2+ 19. Kxh2 Qd6+ 20. Qxd6 1-0


[Site "https://www.chess.com"]

[Event "Titled Tuesday Blitz February 21 Early 2023"]
[White "Babikov, Ivan"]
[Black "Kramnik, Vladimir"]
[WhiteFideId "4161106"]
[BlackFideId "4101588"]
[WhiteElo "2239"]
[BlackElo "2753"]
[Result "0-1"]
[Round "04"]
[TimeControl "180+2"]
[Date "2023.02.21"]
[WhiteClock "0:00:07"]
[BlackClock "0:00:36"]

1. Nf3 Nf6 2. g3 b6 3. Bg2 Bb7 4. O-O c5 5. d4 cxd4 6. Nxd4 Bxg2 7. Kxg2 Qc8 8. b3 g6 9. Bb2 Bg7 10. Nd2 O-O 11. N2f3 Qb7 12. Kg1 b5 13. Qd3 a6 14. Rfe1 Nc6 15. e4 d6 16. Nxc6 Qxc6 17. e5 dxe5 18. Nxe5 Qc7 19. Rac1 Ng4 20. Nxg4 Bxb2 21. Rb1 Bg7 22. Rbc1 b4 23. Ne3 e6 24. Qc4 Qb7 25. Red1 Rac8 26. Qf4 Rc3 27. Nc4 Rf3 28. Qd6 h5 29. Qd7 Qa8 30. h4 Bc3 31. Qd6 Rf5 32. Qd3 Rd5 33. Qe2 Qc6 34. Rxd5 exd5 35. Ne3 Re8 36. Qd3 d4 37. Nc4 Re4 38. Na5 Qe6 39. Nc4 g5 40. hxg5 h4 41. Kg2 hxg3 42. Rh1 gxf2 43. Kxf2 Rf4+ 44. Kg2 Qg4+ 45. Qg3 Qe2+ 46. Kh3 Rf3 47. Rg1 Rxg3+ 48. Rxg3 Qxc2 49. g6 fxg6 50. Ne5 Kg7 51. Nxg6 Qf5+ 52. Kh4 Qxg6 53. Rxg6+ Kxg6 54. Kg3 d3 55. Kf2 Kf5 56. Ke3 d2 57. Kd3 Kf4 58. Kc4 d1=Q 59. a4 bxa3 60. b4 a2 61. b5 axb5+ 62. Kc5 0-1


[Site "https://www.chess.com"]

[Event "Titled Tuesday Blitz February 21 Early 2023"]
[White "Bas Mas, Jose Joaquin"]
[Black "Weetik, Vjacheslav"]
[WhiteFideId "22219064"]
[BlackFideId "4153472"]
[WhiteElo "2197"]
[BlackElo "2423"]
[Result "1-0"]
[Round "04"]
[TimeControl "180+2"]
[Date "2023.02.21"]
[WhiteClock "0:00:29"]
[BlackClock "0:00:02"]

1. e4 c6 2. d4 d5 3. f3 dxe4 4. fxe4 e5 5. Nf3 Bg4 6. Bc4 Nd7 7. O-O Ngf6 8. c3 Bd6 9. Qe1 Qc7 10. Qh4 h6 11. Ng5 Bh5 12. Nf3 O-O-O 13. a4 g5 14. Qe1 g4 15. Nxe5 Nxe5 16. dxe5 Bxe5 17. Qh4 g3 18. hxg3 Rhg8 19. Bf4 Rg4 20. Bxe5 Qb6+ 21. Bd4 Rxd4 22. Qxf6 Rd6+ 23. Qf2 Qc7 24. Bxf7 Bxf7 25. Qxf7 Rd7 26. Qf8+ Rd8 27. Qf5+ Qd7 28. Na3 1-0


[Site "https://www.chess.com"]

[Event "Titled Tuesday Blitz February 21 Early 2023"]
[White "Andrews, Todd"]
[Black "Darini, Pouria"]
[WhiteFideId "2012456"]
[BlackFideId "12502200"]
[WhiteElo "2220"]
[BlackElo "2401"]
[Result "1-0"]
[Round "04"]
[TimeControl "180+2"]
[Date "2023.02.21"]
[WhiteClock "0:00:10"]
[BlackClock "0:01:14"]

1. e4 e5 2. Nf3 Nc6 3. d4 exd4 4. Nxd4 Nf6 5. Nxc6 bxc6 6. e5 Qe7 7. Qe2 Nd5 8. c4 Ba6 9. h4 Qc5 10. Qe4 Nb6 11. Nd2 O-O-O 12. Nb3 Qb4+ 13. Bd2 Qa4 14. Rh3 Bxc4 15. Bxc4 Qxc4 16. Qe3 Bb4 17. Rc1 Bxd2+ 18. Qxd2 Qe4+ 19. Kf1 Qxe5 20. Nc5 d6 21. Na6 Qb5+ 22. Qe2 Qxe2+ 23. Kxe2 Kb7 24. Ra3 Rhe8+ 25. Kf1 c5 26. b4 cxb4 27. Rxc7+ Ka8 28. Nxb4 1-0


[Site "https://www.chess.com"]

[Event "Titled Tuesday Blitz February 21 Early 2023"]
[White "Spata, German"]
[Black "Mushini Ajay"]
[WhiteFideId "113026"]
[BlackFideId "35066188"]
[WhiteElo "2383"]
[BlackElo "2310"]
[Result "1-0"]
[Round "04"]
[TimeControl "180+2"]
[Date "2023.02.21"]
[WhiteClock "0:00:37"]
[BlackClock "0:00:03"]

1. d4 d5 2. Bf4 c5 3. c3 Nf6 4. e3 Nc6 5. Nf3 e6 6. Bd3 Bd6 7. Bg3 Qe7 8. O-O O-O 9. Ne5 Bxe5 10. dxe5 Nd7 11. f4 f6 12. Bh4 Qf7 13. exf6 Nxf6 14. Nd2 Qc7 15. Bxf6 Rxf6 16. Qh5 g6 17. Qh4 Rf8 18. Bb5 e5 19. Bxc6 bxc6 20. fxe5 Ba6 21. Rxf8+ Rxf8 22. Nf3 Qf7 23. h3 Bd3 24. e6 Qxe6 25. Qxh7+ Kxh7 26. Ng5+ Kh6 27. Nxe6 Re8 28. Nxc5 Rxe3 29. Nxd3 Rxd3 30. Rf1 Rd2 31. Rf2 Rd1+ 32. Kh2 Kg7 33. Rf4 c5 34. Ra4 Rd2 35. Rxa7+ Kh6 36. Rb7 Kg5 37. Rb5 c4 38. a4 Kf4 39. a5 Ke3 40. Kg3 d4 41. cxd4 Kxd4 42. a6 Rd1 43. Rb6 Ra1 44. Rxg6 1-0


[Site "https://www.chess.com"]

[Event "Titled Tuesday Blitz February 21 Early 2023"]
[White "Silvestre, Christian"]
[Black "Arabidze, Meri"]
[WhiteFideId "30956269"]
[BlackFideId "13604040"]
[WhiteElo "1942"]
[BlackElo "2441"]
[Result "0-1"]
[Round "04"]
[TimeControl "180+2"]
[Date "2023.02.21"]
[WhiteClock "0:00:18"]
[BlackClock "0:00:37"]

1. Nf3 c5 2. c3 Nc6 3. d4 cxd4 4. cxd4 d5 5. Nc3 Nf6 6. Bg5 e6 7. e3 Be7 8. Bd3 h6 9. Bh4 a6 10. Rc1 O-O 11. O-O Bd7 12. Bb1 Nh5 13. Bxe7 Qxe7 14. Na4 Rac8 15. a3 Rc7 16. b4 Nf6 17. Qd2 Rfc8 18. Nb6 Rd8 19. Rc3 Be8 20. Rfc1 Ne4 21. Bxe4 dxe4 22. Ne5 Qg5 23. Nxc6 Rxc6 24. Rc5 Qh4 25. Nc4 Rxc5 26. bxc5 Rd5 27. Nd6 Bc6 28. h3 Rg5 29. Kf1 Rg6 30. Rb1 Qg5 31. g3 Qh5 32. Kg2 Qf3+ 33. Kh2 h5 34. Nc8 Kf8 35. Qa5 Qxf2+ 36. Kh1 Qf3+ 0-1


[Site "https://www.chess.com"]

[Event "Titled Tuesday Blitz February 21 Early 2023"]
[White "Sreyas Payyappat"]
[Black "Volkov, Maksim"]
[WhiteFideId "46674969"]
[BlackFideId "54123070"]
[WhiteElo "2076"]
[BlackElo "2258"]
[Result "0-1"]
[Round "04"]
[TimeControl "180+2"]
[Date "2023.02.21"]
[WhiteClock "0:00:54"]
[BlackClock "0:00:04"]

1. e4 c5 2. Nf3 d6 3. d4 cxd4 4. Nxd4 Nf6 5. Nc3 a6 6. h4 e5 7. Nb3 Be7 8. Bg5 Be6 9. Bxf6 Bxf6 10. g3 Nd7 11. Qd2 Be7 12. O-O-O Nf6 13. f4 exf4 14. gxf4 Bg4 15. Be2 h5 16. Bxg4 Nxg4 17. Nd5 O-O 18. Nd4 Bf6 19. Nf5 g6 20. Nxf6+ Qxf6 21. Nxd6 Rfd8 22. e5 Qe6 23. Kb1 b5 24. Rde1 Rd7 25. Rhf1 Rad8 26. Qc3 Qe7 27. a3 Rc7 28. Qb3 Qxh4 29. e6 Rxd6 30. f5 Kg7 31. fxg6 fxg6 32. Rf7+ Rxf7 33. exf7 Qxe1+ 34. Ka2 Qe6 35. Qxe6 Rxe6 0-1


[Site "https://www.chess.com"]